[Event "ICC tourney 3049 (40 10)"]
[Site "Internet Chess Club"]
[Date "2022.11.05"]
[Round "5"]
[White "INDUKURI, SUHAS VARMA:Suhas12"]
[Black "GUTIERREZ, AUGUSTO E:elytito2017"]
[Result "0-1"]
[ICCResult "White checkmated"]
[WhiteElo "1525"]
[BlackElo "1729"]
[Opening "Sicilian"]
[ECO "B56"]
[NIC "SI.25"]
[Time "20:02:05"]
[PlyCount "126"]
[TimeControl "2400+10"]

1. e4 c5 2. Nf3 Nc6 3. d4 cxd4 4. Nxd4 Nf6 5. Nc3 d6 6. f3 e5 7. Nb3 Be7 8.
Be3 O-O 9. Qd2 a5 10. Nd5 a4 11. Bb6 Qd7 12. Nc7 axb3 13. Nxa8 bxc2 14. Qxc2
d5 15. O-O-O Nb4 16. Qb3 Qc6+ 17. Kb1 dxe4 18. Rc1 Be6 19. Bc4 Bxc4 20. Rxc4
Qe6 21. Ba5 Nc6 22. Nc7 Nxa5 23. Nxe6 Nxb3 24. axb3 fxe6 25. fxe4 b5 26. Rc6
Nxe4 27. Rxe6 Bf6 28. Rb6 Rd8 29. Rxb5 Rd2 30. Re1 Nf2 31. Rc1 Nd3 32. Rc2
Rd1+ 33. Ka2 e4 34. Rb7 h6 35. Rb8+ Kf7 36. g3 e3 37. Rb7+ Ke6 38. Rb6+ Kf5
39. Rb5+ Ke4 40. Rc4+ Kf3 41. Rc2 e2 42. Rf5+ Ke3 43. Rxe2+ Kxe2 44. Rd5
Nc1+ 45. Ka3 Rxd5 46. Kb4 Bxb2 47. Kc4 Rd8 48. b4 Nd3 49. b5 Ne5+ 50. Kc5
Nf3 51. b6 Be5 52. Kc6 Kf2 53. b7 Kg2 54. Kb6 Kxh2 55. Ka7 Kxg3 56. b8=Q
Rxb8 57. Ka6 Nd4 58. Ka5 Kf3 59. Ka4 Ke3 60. Ka3 Kd3 61. Ka2 Kc3 62. Ka1 Kc2
63. Ka2 Ra8# {White checkmated} 0-1

[Event "ICC tourney 3049 (40 10)"]
[Site "Internet Chess Club"]
[Date "2022.11.05"]
[Round "5"]
[White "BRUDNO, STEPHEN:StevChess01"]
[Black "YUAN, SERENA:doudou2011"]
[Result "0-1"]
[ICCResult "White resigns"]
[WhiteElo "1546"]
[BlackElo "1552"]
[Opening "QGD: exchange, positional line, 6.Qc2"]
[ECO "D36"]
[NIC "QO.16"]
[Time "20:00:50"]
[PlyCount "100"]
[TimeControl "2400+10"]

1. d4 d5 2. c4 e6 3. Nc3 Nf6 4. cxd5 exd5 5. Bg5 c6 6. Qc2 Be7 7. e3 O-O 8.
Bd3 Nbd7 9. Nf3 Re8 10. O-O Nf8 11. Bf4 Ne6 12. Bg3 g6 13. Rab1 b6 14. b4
Bb7 15. Ne5 Rc8 16. f3 Nd7 17. Nxd7 Qxd7 18. Qb3 Bf8 19. Rfe1 Ba8 20. a4 c5
21. bxc5 bxc5 22. Ba6 Rcd8 23. Be5 c4 24. Qb2 Nc7 25. Bxc7 Qxc7 26. Bb5 Rb8
27. Qa2 Re6 28. a5 a6 29. Ba4 Bb4 30. Qb2 Qxa5 31. Bd7 Reb6 32. Rbc1 Bxc3
33. Qxc3 Qxc3 34. Rxc3 Bc6 35. Bh3 Rb3 36. Rcc1 a5 37. e4 a4 38. exd5 Bxd5
39. Re5 Rb1 40. Rf1 Rxf1+ 41. Kxf1 a3 42. Rxd5 a2 43. Ra5 Rb1+ 44. Kf2 a1=Q
45. Rxa1 Rxa1 46. Ke3 Ra3+ 47. Ke4 f5+ 48. Ke5 c3 49. g4 fxg4 50. Bxg4 c2
{White resigns}
0-1

[Event "ICC tourney 3049 (40 10)"]
[Site "Internet Chess Club"]
[Date "2022.11.05"]
[Round "5"]
[White "SEBBA, AMITAI:Amitai"]
[Black "HERREROS, STEPHEN:alekhine1031"]
[Result "1-0"]
[ICCResult "Black forfeits on time"]
[WhiteElo "1580"]
[BlackElo "1568"]
[Opening "Alekhine's defense: modern, fianchetto variation"]
[ECO "B04"]
[NIC "AL.04"]
[Time "20:00:33"]
[PlyCount "61"]
[TimeControl "2400+10"]

1. e4 Nf6 2. e5 Nd5 3. d4 d6 4. Nf3 g6 5. c4 Nb6 6. Be3 Bg7 7. Nc3 dxe5 8.
dxe5 O-O 9. Be2 c6 10. O-O Bg4 11. Qxd8 Rxd8 12. c5 Nd5 13. Nxd5 cxd5 14.
Rad1 Bxe5 15. h3 Bxf3 16. Bxf3 e6 17. Rd2 Nc6 18. Rfd1 Rac8 19. a3 a5 20.
Rd3 Bg7 21. Rb3 Rd7 22. Bf4 e5 23. Rxd5 Rxd5 24. Bxd5 exf4 25. Rxb7 Ne5 26.
Rb5 a4 27. Ra5 Nd3 28. Rxa4 Rxc5 29. Ra8+ Bf8 30. Rd8 Nxb2 31. Rd7
{Black forfeits on time}
1-0

[Event "ICC tourney 3049 (40 10)"]
[Site "Internet Chess Club"]
[Date "2022.11.05"]
[Round "5"]
[White "YU, VINCENT ZHIWEN:vincentyu"]
[Black "WHALEN, JAMES:baystatejim1776"]
[Result "1-0"]
[ICCResult "Black resigns"]
[WhiteElo "1266"]
[BlackElo "1609"]
[Opening "Sicilian: closed"]
[ECO "B23"]
[NIC "SI.44"]
[Time "20:02:23"]
[PlyCount "83"]
[TimeControl "2400+10"]

1. e4 c5 2. Nc3 d6 3. g3 Nc6 4. Bg2 e5 5. d3 Be6 6. f4 exf4 7. Bxf4 Nf6 8.
Nf3 h6 9. O-O Be7 10. Rc1 Qd7 11. a3 O-O 12. Qd2 Bh3 13. Rce1 Bxg2 14. Kxg2
Nh5 15. Be3 g5 16. Nd5 Bd8 17. Kh1 Qh3 18. Qg2 Qg4 19. Rg1 Nf6 20. Nxf6+
Bxf6 21. c3 Rfe8 22. Ref1 Bg7 23. Qf2 Re7 24. Nd2 Ne5 25. Qf5 Qxf5 26. Rxf5
Nxd3 27. Rd5 Nxb2 28. Rxd6 b6 29. Rc1 f5 30. h4 Be5 31. Rxh6 f4 32. gxf4 Nd3
33. Rg1 Kg7 34. Rh5 Bxf4 35. Bxf4 Nxf4 36. Rhxg5+ Kh7 37. Rf5 Rd8 38. Nf3
Ng6 39. Rh5+ Kg7 40. Rhg5 Re6 41. Ne5 Rh8 42. Nxg6 {Black resigns} 1-0

[Event "ICC tourney 3049 (40 10)"]
[Site "Internet Chess Club"]
[Date "2022.11.05"]
[Round "5"]
[White "WU, DARREN:chessboy111"]
[Black "HELMSEN, GAVIN:ghelmsen"]
[Result "0-1"]
[ICCResult "White resigns"]
[WhiteElo "1336"]
[BlackElo "1325"]
[Opening "Robatsch (modern) defense"]
[ECO "B06"]
[NIC "KF.05"]
[Time "20:00:35"]
[PlyCount "104"]
[TimeControl "2400+10"]

1. e4 g6 2. d4 Bg7 3. Nc3 d6 4. f3 Nf6 5. Be3 a6 6. Qd2 b5 7. Bd3 Nbd7 8.
Nge2 c5 9. dxc5 dxc5 10. Ng3 Bb7 11. O-O h5 12. h4 Qc7 13. Bf4 e5 14. Be3
O-O-O 15. Qf2 Nh7 16. Rad1 f6 17. Be2 Nhf8 18. Nd5 Bxd5 19. Rxd5 Ne6 20.
Rfd1 Bf8 21. c4 Nf4 22. Bxf4 exf4 23. Nf1 b4 24. R1d2 a5 25. Bd1 Be7 26. Ba4
Nb6 27. Rxd8+ Rxd8 28. Bb5 Rd4 29. b3 g5 30. hxg5 fxg5 31. Kh1 Rd6 32. Qe2
Rh6 33. Rd3 g4 34. fxg4 hxg4+ 35. Kg1 g3 36. Qg4+ Kb8 37. Qg8+ Ka7 38. Qg7
Rh5 39. Qg6 Qe5 40. Qf7 Qxe4 41. Qxh5 Qxd3 42. Qe5 Qd4+ 43. Qxd4 cxd4 44.
Nd2 Nc8 45. Kf1 Nd6 46. Bd7 Nf7 47. Ke2 d3+ 48. Kd1 Ne5 49. Be6 f3 50. Bd5
f2 51. Nf1 Bg5 52. Nxg3 Ng4 {White resigns} 0-1